 Dungeon Crawl Stone Soup version 0.19.4-8-ga85b6b9 (webtiles) character file.

23 Mefis the Magician (level 3, 19/19 HPs)
             Began as a Tengu Wizard on Feb 14, 2017.
             Quit the game on level 1 of the Dungeon.
             The game lasted 00:01:27 (764 turns).

Mefis the Magician (Tengu Wizard)                    Turns: 764, Time: 00:01:28

Health: 19/19      AC:  2    Str:  7    XL:     3   Next: 0%
Magic:  5/8        EV: 12    Int: 19    God:
Gold:   48         SH:  0    Dex: 12    Spells: 4 memorised, 1 level left

rFire  . . .     SeeInvis .     e - +0 short sword
rCold  . . .     Gourm    .     a - +0 robe
rNeg   . . .     Faith    .     (no shield)
rPois  .         Spirit   .     b - +0 hat
rElec  .         Reflect  .     (no cloak)
rCorr  .         Harm     .     (no gloves)
MR     .....                    (boots unavailable)
Stlth  ++........               (no amulet)
                                (no ring)
                                (no ring)

@: repel missiles
A: beak, talons 3
a: no special abilities


You were on level 1 of the Dungeon.
You were not hungry.

You visited 1 branch of the dungeon, and saw 1 of its levels.

You collected 48 gold pieces.

Inventory:

Hand Weapons
 e - a +0 short sword (weapon)
Armour
 a - a +0 robe (worn)
 b - a +0 hat (worn)
Scrolls
 f - a scroll of amnesia {unknown}
 g - a scroll of teleportation {unknown}
 i - a scroll of enchant weapon {unknown}
Potions
 h - a potion of degeneration {unknown}
 j - a potion of brilliance {unknown}
Books
 c - a book of Minor Magic

   Spells                             Type                      Level
   a - Magic Dart                     Conjuration                  1
   b - Blink                          Translocation                2
   c - Call Imp                       Summoning                    2
   d - Repel Missiles                 Charms/Air                   2
   e - Slow                           Hexes                        2
   f - Conjure Flame                  Conjuration/Fire             3
   g - Mephitic Cloud                 Conjuration/Poison/Air       3
Comestibles
 d - a bread ration


   Skills:
 + Level 2.3 Dodging
 + Level 2.2 Stealth
 * Level 3.4 Spellcasting
 + Level 2.1 Conjurations
 - Level 1.2 Summonings
 - Level 0.7 Translocations
 + Level 0.6 Air Magic


You had one spell level left.
You knew the following spells:

 Your Spells              Type           Power        Failure   Level  Hunger
a - Magic Dart            Conj           ##..         10%         1    None
b - Blink                 Tloc           N/A          17%         2    ##.....
c - Call Imp              Summ           #.......     14%         2    ##.....
d - Repel Missiles        Chrm/Air       #.....       21%         2    ##.....


Dungeon Overview and Level Annotations

Branches:
Dungeon (1/15)

Altars:


Innate Abilities, Weirdness & Mutations

You have a beak for a mouth.
You have claws for feet.


Message History

The magic dart hits the kobold.
You kill the kobold!
Casting: Magic Dart
Confirm with . or Enter, or press ? or * to list all spells.
Aiming: Magic Dart
Press: ? - help, Shift-Dir - straight line, f - frilled lizard
Aim: a frilled lizard (hasn't noticed you)
The magic dart hits the frilled lizard.
You kill the frilled lizard!
You have reached level 3!
Your experience leads to an increase in your attributes!
Increase (S)trength, (I)ntelligence, or (D)exterity?
You feel clever.
You can't memorise that many levels of magic yet!
Okay, then.
Okay, then.
Unknown command.
Are you sure you want to abandon this character and quit the game? (Confirm with "yes".)
Okay, then.
Are you sure you want to abandon this character and quit the game? (Confirm with "yes".)

†. ).. ### ..... ##..
#.#...#. #
#..##..#.#...
###.##........#..#
..$...>@.##......#
###.##..!.......#
#....##..#.#..
##............ #
#.##.).##...# ###. #.
#.(..##.....# # ... #.#
#..##......# #.##.##
#.#####...†...##
#......###..........###


There were no monsters in sight!

Vanquished Creatures
  An ooze (D:1)
  3 bats (D:1)
  2 hobgoblins (D:1)
  A ball python (D:1)
  3 frilled lizards (D:1)
  8 kobolds (D:1)
  2 rats (D:1)
20 creatures vanquished.

Notes
Turn   | Place    | Note
-------+----------+-------------------------------------------
     0 | D:1      | Mefis the Tengu Wizard began the quest for the Orb.
     0 | D:1      | Reached XP level 1. HP: 10/10 MP: 5/5
   304 | D:1      | Reached XP level 2. HP: 15/15 MP: 5/7
   308 | D:1      | Learned a level 2 spell: Blink
   311 | D:1      | Learned a level 2 spell: Call Imp
   314 | D:1      | Learned a level 2 spell: Repel Missiles
   762 | D:1      | Reached XP level 3. HP: 19/19 MP: 5/8
   764 | D:1      | Quit the game

Skill      XL: |  1  2 |
---------------+-------+-----
Conjurations   | 2 |  2.1
Dodging        | |  2.3
Stealth        | |  2.2
Spellcasting   | |  3.4
Summonings     | |  1.2
Translocations | |  0.7
Air Magic      | |  0.6

Action                   || total
-------------------------++-------
Melee: Short sword       ||     1
 Cast: Magic Dart        ||    44
       Repel Missiles    ||     1
Armor: Robe              ||     1
Dodge: Dodged            ||     6
       Deflected         ||     1
